 Dungeon Crawl Stone Soup version 0.31.0-12-g77e489cdc1 (webtiles) character file.

Game seed: 2398362481929434550

65 Killerpretzel the Changeling (level 4, 0/29 HPs)
             Began as an Octopode Shapeshifter on Mar 7, 2024.
             Slain by an orc
             ... wielding a +0 flail
              (6 damage)
             ... on level 2 of the Dungeon.
             The game lasted 00:00:39 (798 turns).

Killerpretzel the Changeling (Octopode Shapeshifter) Turns: 798, Time: 00:00:40

Health: 0/29       AC:  1    Str: 13    XL:     4   Next: 13%
Magic:  4/4        EV: 13    Int: 12    God:
Gold:   35         SH:  0    Dex: 13    Spells: 3/3 levels left

rFire   . .          .
                       - Unarmed
rCold   . . .        (no shield)
rNeg    . . .        (helmet currently unavailable)
rPois   .            (no amulet)
rElec   .            (no ring)
rCorr   .            (no ring)
SInv    .            (no ring)
Will    .....        (no ring)
Stlth   ++           (no ring)
HPRegen 0.24/turn    (no ring)
MPRegen 0.09/turn    (no ring)
                     (no ring)

%: no passive effects
@: beast-form
A: beast (slay +2), almost no armour, amphibious, 8 rings, camouflage 1,
gelatinous body 1, (nimble swimmer 1), tentacles
a: Begin Untransformation


You were on level 2 of the Dungeon.
You were a hulking beast.
You visited 1 branch of the dungeon, and saw 2 of its levels.

You collected 35 gold pieces.

Inventory:

Talismans
 b - a beast talisman
 c - a flux talisman
Potions
 a - a potion of lignification


   Skills:
 + Level 1.8 Fighting
 + Level 2.5 Dodging
 + Level 3.4 Unarmed Combat
 * Level 3.7 Shapeshifting


You had 3 spell levels left.
You didn't know any spells.
Your spell library was empty.

Dungeon Overview and Level Annotations

Branches:
Dungeon (2/15)

Altars:


Innate Abilities, Weirdness & Mutations

You are a hulking beast.
Your limbs bulge with bestial killing power. (Slay +2)
You cannot wear most types of armour.
You are amphibious.
You can wear up to eight rings at the same time.
Your skin changes colour to match your surroundings (Stealth+).
Your rubbery body absorbs attacks. (AC +1, EV +1)
((You are camouflaged when in or above water. (Stealth+)))
You have tentacles for arms and can constrict up to eight enemies at once.


Message History

Things that are here:
a +0 whip; an orc corpse Done exploring.
No target in view!
No target in view!
No target in view!
No target in view!
No target in view!
No target in view!
No target in view!
No target in view!
No target in view!
No target in view!
Done exploring.
There is a stone staircase leading down here.
You climb downwards.
The orc priest shouts!
You hear a shout!
The endoplasm jiggles.
The endoplasm closely misses you.
The orc shouts!
There is a stone staircase leading up, spattered with blood here.
You tentacle-slap the orc. You grab the orc. You squeeze the orc.
The orc is heavily wounded.
You constrict the orc.
An orc opens the door.
The orc hits you with a +0 whip. The endoplasm barely misses you.
You tentacle-slap the orc priest but do no damage.
You grab the orc priest. You constrict the orc.
You kill the orc!
You constrict the orc priest. The endoplasm hits you.
The orc priest hits you with a +0 whip.
You bludgeon the orc priest! You squeeze the orc priest.
You kill the orc priest!
The endoplasm jiggles.
The endoplasm freezes you.
You are frozen.
The orc hits you with a +0 club.
You have reached level 4!
The orc hits you with a +0 club.
* * * LOW HITPOINT WARNING * * *
The orc hits you with a +0 flail.
You die...

#....# +...>#
#....###
#######......
#...)....$.#
#..........
#.......J#
#.....†oh#
#......))o.#
#.....$..#.#
######.......
#####.### .#
#


You could see 2 orcs and an endoplasm.

Vanquished Creatures
  An orc priest (D:2)
  A dart slug (D:1)
  2 orcs
  2 bats (D:1)
  An endoplasm (D:1)
  2 giant cockroaches (D:1)
  5 goblins (D:1)
  6 hobgoblins
  2 kobolds (D:1)
  2 quokkas (D:1)
  2 ball pythons
  A frilled lizard (D:1)
  A rat (D:1)
28 creatures vanquished.

Notes
Turn   | Place    | Note
-------+----------+-------------------------------------------
     0 | D:1      | Killerpretzel the Octopode Shapeshifter began the quest for
                  | the Orb.
     0 | D:1      | Reached XP level 1. HP: 13/13 MP: 1/1
   169 | D:1      | Reached XP level 2. HP: 18/18 MP: 2/2
   436 | D:1      | Reached XP level 3. HP: 23/23 MP: 3/3
   798 | D:2      | Reached XP level 4. HP: 11/29 MP: 4/4
   798 | D:2      | Slain by an orc

Illustrated notes

Levels and vault maps discovered:
D:1:      saegor_arrival_simple_d, layout_basic
D:2:      layout_basic, serial_shops, shop, basic_altar

Action                     |  1- 3 |  4- 6 || total
---------------------------+-------+-------++-------
  Melee: Unarmed           |    47 |       ||    47
         Tentacles         |    10 |       ||    10
         Constrict         |    17 |       ||    17
         Punch             |     1 |       ||     1
    Use: Scroll            |     1 |       ||     1
   Stab: Sleeping          |     3 |       ||     3
 Armour: Skin              |    22 |     2 ||    24
  Dodge: Dodged            |    29 |       ||    29
